 Dungeon Sprint DCSS version 0.21.0-3-g78d12a8bdd (webtiles) character file.

4153 Quolop the Fencer (level 10, -1/100 (101) HPs)
             Began as a Minotaur Fighter on Jan 14, 2018.
             Was an Elder of Makhleb.
             Slain by a seven-headed hydra (11 damage)
             ... in the Dungeon (Sprint IX: "|||||||||||||||||||||||||||||").
             The game lasted 00:03:42 (438 turns).

Quolop the Fencer (Minotaur Fighter)                 Turns: 438, Time: 00:03:43

HP:   -1/100 (101)  AC:  9    Str: 23    XL:     10   Next: 7%
MP:   9/9           EV: 14    Int:  5    God:    Makhleb [****..]
Gold: 10            SH: 13    Dex: 11    Spells: 9/9 levels left

rFire    . . .     SeeInvis .   p - +2 scimitar (flame)
rCold    . . .     Gourm    .   c - +0 shield
rNeg     + . .     Faith    .   b - +0 scale mail
rPois    .         Spirit   .   (helmet restricted)
rElec    .         Reflect  .   (no cloak)
rCorr    .         Harm     .   (no gloves)
MR       .....     NoTele   +   (no boots)
Stlth    ..........             (no amulet)
HPRegen  0.26/turn              s - +2 ring of evasion
MPRegen  0.11/turn              y - ring of positive energy

@: no status effects
A: retaliatory headbutt, horns 2
a: Minor Destruction, Lesser Servant of Makhleb, Major Destruction, Renounce
Religion


You were in the Dungeon.
You worshipped Makhleb.
Makhleb was greatly pleased with you.
You were not hungry.

You visited 1 branch You collected 10 gold pieces.

Inventory:

Hand Weapons
 a - a +0 long sword
 p - a +2 scimitar of flaming (weapon)
Armour
 b - a +0 scale mail (worn)
 c - a +0 shield (worn)
 q - a +0 cloak
 r - a +0 cloak
 u - a +2 ring mail
Jewellery
 s - a +2 ring of evasion (left hand)
 t - a +3 ring of strength
 y - a ring of positive energy (right hand)
Wands
 o - a wand of acid (10)
Scrolls
 k - 3 scrolls of blinking
 m - 3 scrolls of remove curse
 n - 2 scrolls of amnesia
 z - a scroll of fog
 A - a scroll of fear
 B - a scroll of identify
Potions
 d - a potion of might
 e - 6 potions of curing
 g - 3 potions of heal wounds
 h - a potion of haste
 i - 4 potions of magic
 j - 2 potions of berserk rage
 l - a potion of invisibility
 w - 2 potions of brilliance
 x - a potion of resistance
Comestibles
 f - 2 rations
 v - 2 chunks of flesh


   Skills:
 + Level 13.2 Fighting
 + Level 16.4 Long Blades
 + Level 12.8 Armour
 + Level 5.9 Dodging
 + Level 12.0 Shields


You had 9 spell levels left.
You didn't know any spells.

Dungeon Overview and Level Annotations

Branches:
Dungeon (1/1)

Altars:
Cheibriados
Dithmenos
Elyvilon
Fedhas
Gozag
Hepliaklqana
Kikubaaqudgha
Makhleb
Nemelex Xobeh
Okawaru
Qazlal
Ru
Sif Muna
Trog
Uskayaw
Vehumet
Wu Jian
Xom
Yredelemnul
Zin
The Shining One
Beogh
Jiyva
Lugonu


Innate Abilities, Weirdness & Mutations

You reflexively headbutt those who attack you in melee.
You have a pair of horns on your head.


Message History

The seven-headed hydra barely misses you.
The seven-headed hydra bites you!
* * * LOW HITPOINT WARNING * * *
The seven-headed hydra misses you.
There is an open door to the Lair, spattered with blood here.
Things that are here:
a rime drake corpse; a hydra corpse
As you read the scroll of fear, it crumbles to dust.
You assume a fearsome visage.
The porcupine looks frightened!
The seven-headed hydra resists with some effort.
The yak looks frightened!
The basilisk looks frightened!
The spiny frog looks frightened!
You block the seven-headed hydra's attack. x2
The seven-headed hydra bites you.
* * * LOW HITPOINT WARNING * * *
You block the seven-headed hydra's attack.
The seven-headed hydra misses you.
The seven-headed hydra bites you but does no damage.
The seven-headed hydra bites you!
You die...

▓▓▓▓▓▓▓▓▓▓▓▓▓▓▓▓▓▓▓▓▓▓▓▓▓▓▓▓▓▓▓▓▓
_____________________'.....)....†
▓▓▓▓▓▓▓▓▓▓▓▓▓▓▓▓▓▓▓▓▓▓▓▓▓▓▓▓▓▓▓▓▓
.................................
▓▓▓▓▓▓▓▓▓▓▓▓▓▓▓▓▓▓▓▓▓▓▓▓▓▓▓▓▓▓▓▓▓
r..YlFD@.............'..
▓▓▓▓▓▓▓▓▓▓▓▓▓▓▓▓▓▓▓▓▓▓▓▓


You could see a seven-headed hydra, a yak (fleeing), a spiny frog (fleeing), a
basilisk (fleeing) and a porcupine (fleeing).

Vanquished Creatures
  A hydra (D)
  3 centaur warriors (D)
  An unseen horror (D)
  A rime drake (D)
  A water moccasin (D)
  A sky beast (D)
  A black bear (D)
  A necrophage (D)
  A centaur (D)
  A scorpion (D)
  A crimson imp (D)
  A jelly (D)
  2 hounds (D)
  A worker ant (D)
  An orc wizard (D)
  An adder skeleton (D)
  A bat (D)
  A goblin (D)
  A kobold (D)
  A frilled lizard (D)
  A giant cockroach zombie (D)
  A rat (D)
25 creatures vanquished.

Notes
Turn   | Place    | Note
-------+----------+-------------------------------------------
     0 | D        | Quolop the Minotaur Fighter began the quest for the Orb.
     0 | D        | Reached XP level 1. HP: 19/19 MP: 0/0
    24 | D        | Noticed an orc wizard
    24 | D        | Noticed a worker ant
    24 | D        | Noticed a hound
    26 | D        | Killed a hound
    26 | D        | Reached skill level 5 in Fighting
    26 | D        | Reached skill level 3 in Long Blades
    26 | D        | Reached skill level 5 in Armour
    26 | D        | Reached skill level 5 in Shields
    26 | D        | Reached XP level 2. HP: 27/29 MP: 1/1
    26 | D        | Reached XP level 3. HP: 33/36 MP: 2/2
    37 | D        | Reached skill level 4 in Long Blades
    40 | D        | Reached XP level 4. HP: 45/45 MP: 3/3
    47 | D        | Found a roughly hewn altar of Beogh.
    47 | D        | Found a snail-covered altar of Cheibriados.
    47 | D        | Found a shadowy altar of Dithmenos.
    47 | D        | Found a white marble altar of Elyvilon.
    47 | D        | Found a blossoming altar of Fedhas.
    47 | D        | Found an opulent altar of Gozag.
    48 | D        | Found a hazy altar of Hepliaklqana.
    49 | D        | Found a viscous altar of Jiyva.
    50 | D        | Found an ancient bone altar of Kikubaaqudgha.
    51 | D        | Found a corrupted altar of Lugonu.
    52 | D        | Found a burning altar of Makhleb.
    53 | D        | Found a sparkling altar of Nemelex Xobeh.
    54 | D        | Found an iron altar of Okawaru.
    55 | D        | Found a stormy altar of Qazlal.
    56 | D        | Found a sacrificial altar of Ru.
    57 | D        | Found a deep blue altar of Sif Muna.
    58 | D        | Found a bloodstained altar of Trog.
    59 | D        | Found a hide-covered altar of Uskayaw.
    60 | D        | Became a worshipper of Makhleb the Destroyer
    61 | D        | Found a radiant altar of Vehumet.
    62 | D        | Found an ornate altar of the Wu Jian Council.
    63 | D        | Found a shimmering altar of Xom.
    64 | D        | Found a basalt altar of Yredelemnul.
    65 | D        | Found a glowing silver altar of Zin.
    66 | D        | Found a glowing golden altar of the Shining One.
    99 | D        | Noticed a sky beast
    99 | D        | Noticed a necrophage
    99 | D        | Noticed a centaur
    99 | D        | Noticed a black bear
   102 | D        | Killed a black bear
   102 | D        | Reached skill level 6 in Long Blades
   102 | D        | Reached skill level 1 in Dodging
   102 | D        | Reached XP level 5. HP: 53/53 MP: 4/4
   106 | D        | Killed a centaur
   106 | D        | Reached skill level 7 in Long Blades
   112 | D        | Killed a necrophage
   112 | D        | Reached * piety under Makhleb
   112 | D        | Reached skill level 8 in Long Blades
   112 | D        | Reached XP level 6. HP: 55/62 MP: 5/5
   124 | D        | Killed a sky beast
   124 | D        | Reached skill level 9 in Long Blades
   129 | D        | Reached ** piety under Makhleb
   234 | D        | Noticed a centaur warrior
   234 | D        | Noticed a centaur warrior
   234 | D        | Noticed a centaur warrior
   242 | D        | Killed a centaur warrior
   242 | D        | Reached skill level 10 in Fighting
   242 | D        | Reached skill level 12 in Long Blades
   242 | D        | Reached skill level 10 in Armour
   242 | D        | Reached skill level 10 in Shields
   242 | D        | Reached XP level 7. HP: 69/72 MP: 6/6
   242 | D        | Reached XP level 8. HP: 77/80 MP: 7/7
   245 | D        | Killed a centaur warrior
   245 | D        | Reached skill level 13 in Long Blades
   253 | D        | Killed a centaur warrior
   253 | D        | Reached skill level 14 in Long Blades
   253 | D        | Reached XP level 9. HP: 78/89 MP: 8/8
   254 | D        | Reached *** piety under Makhleb
   260 | D        | Killed an unseen horror
   260 | D        | Reached skill level 15 in Long Blades
   260 | D        | Reached skill level 5 in Dodging
   426 | D        | Noticed a spiny frog
   426 | D        | Noticed a rime drake
   426 | D        | Noticed a seven-headed hydra
   427 | D        | Noticed a seven-headed hydra
   429 | D        | Killed a four-headed hydra
   429 | D        | Reached skill level 16 in Long Blades
   434 | D        | Killed a rime drake
   434 | D        | Reached **** piety under Makhleb
   434 | D        | Reached XP level 10. HP: 52/100 MP: 9/9
   438 | D        | Slain by a seven-headed hydra

Skill      XL: |  1  2  3  4  5  6  7  8  9 10 |
---------------+-------------------------------+-----
Fighting       | 5 6 7 9 10 12 13 | 13.2
Armour         | 5 6 7 8 10 12 | 12.8
Shields        | 5 6 7 8 10 11 12 | 12.0
Long Blades    | 3 4 6 8 12 14 16 | 16.4
Dodging        | 1 3 4 5 |  5.9

Action                   |  1- 3 |  4- 6 |  7- 9 | 10-12 || total
-------------------------+-------+-------+-------+-------++-------
Melee: Long sword        |    28 |       |       |       ||    28
       Headbutt          |     5 |     5 |     8 |       ||    18
       Scimitar          |       |    35 |    26 |     2 ||    63
  Use: Scroll            |       |       |       |     1 ||     1
Armor: Scale mail        |     9 |    13 |     6 |     1 ||    29
Dodge: Dodged            |     7 |     5 |     5 |     5 ||    22
Block: Shield            |    12 |    14 |    11 |     3 ||    40
       Rpst.: Long sword |     4 |       |       |       ||     4
       Scimitar          |       |     2 |     1 |       ||     3
